 Dungeon Crawl Stone Soup version 0.30-a0-223-gcb0039aa0c (webtiles) character file.

Game seed: 18359442490087917278

2494 qw the Cleaver (level 9, -6/55 HPs)
             Began as a Gargoyle Fighter on Oct 9, 2022.
             Was an Initiate of Okawaru.
             Mangled by a wight
             ... wielding a +4 trident
              (8 damage)
             ... on level 6 of the Dungeon.
             The game lasted 00:02:20 (4862 turns).

qw the Cleaver (Gargoyle Fighter)                   Turns: 4862, Time: 00:02:20

Health: -6/55      AC: 31    Str: 24    XL:     9   Next: 52%
Magic:  9/9        EV:  5    Int:  9    God:    Okawaru [......]
Gold:   314        SH: 14    Dex:  9    Spells: 8/8 levels left

rFire   . . .      SeeInvis .    Y - +1 war axe (protect)
rCold   . . .      Faith    .    n - +0 kite shield
rNeg    + . .      Spirit   .    c - +0 plate armour
rPois   inf        Reflect  +    i - +1 helmet
rElec   +          Harm     .    (no cloak)
rCorr   .          Rampage  .    m - +0 pair of gloves
Will    .....                    k - +1 pair of boots
Stlth   ..........               f - amulet of reflection
HPRegen 0.29/turn                (no ring)
MPRegen 0.11/turn                (no ring)

@: under a protective aura
A: sickness immunity, AC +6, negative energy resistance 1, electricity
resistance, torment resistance 1, petrification resistance
a: Renounce Religion


You were on level 6 of the Dungeon.
You worshipped Okawaru.
Okawaru was noncommittal.
You visited 2 branches of the dungeon, and saw 7 of its levels.

You collected 314 gold pieces.


Innate Abilities, Weirdness & Mutations

You are immune to sickness and miasma.
Your stone body is resilient. (AC +6)
You are immune to poison.
You resist negative energy. (rN+)
You are resistant to electric shocks. (rElec)
You are resistant to unholy torment.
You are immune to petrification.


   Skills:
 - Level 6.0 Fighting
 - Level 8.7 Axes
 - Level 2.5 Throwing
 - Level 4.8 Armour
 - Level 1.3 Dodging
 + Level 6.4 Shields


You had 8 spell levels left.
You didn't know any spells.
Your spell library was empty.

Inventory:

Hand Weapons
 b - a +2 hand axe of flaming
 Y - a +1 war axe of protection (weapon)
Missiles
 l - a silver boomerang (quivered)
Armour
 c - a +0 plate armour (worn)
 i - a +1 helmet (worn)
 k - a +1 pair of boots (worn)
 m - a +0 pair of gloves (worn)
 n - a +0 kite shield (worn)
Jewellery
 f - an amulet of reflection (around neck)
Scrolls
 e - a scroll of identify
Potions
 a - 2 potions of attraction {unknown}
 d - 2 potions of might
 g - 3 potions of lignification
 j - 6 potions of curing

Dungeon Overview and Level Annotations

Branches:
Dungeon (6/15)             Temple (1/1) D:6

Altars:
Ashenzari
Cheibriados
Dithmenos
Elyvilon
Fedhas
Gozag
Hepliaklqana
Kikubaaqudgha
Makhleb
Nemelex Xobeh
Okawaru
Qazlal
Ru
Trog
Uskayaw
Vehumet
Wu Jian
Xom
Yredelemnul
Zin
The Shining One


Message History

The wight hits you but does no damage. You block the wight's attack.
The wight hits you but does no damage. x2
You slash the wight!
You destroy the wight!
Okawaru accepts your kill. The wight hits you but does no damage.
You block the wight's attack. The wight hits you but does no damage.
You block the wight's attack.
The wight hits you from afar with a +4 trident.
A black bear comes into view.
The black bear growls angrily.
You hear an angry growl.
The wight hits you but does no damage. You block the wight's attack. x2
There is an open gate here.
You closely miss the wight. You hit the wight.
You hit the wight but do no damage. The wight hits you but does no damage.
The wight barely misses you. The wight hits you with a +4 trident!
You closely miss the wight.
The wight is lightly damaged.
You hit the wight. You closely miss the wight.
The wight hits you but does no damage. x2; You block the wight's attack.
You hit the wight but do no damage.
The wight is moderately damaged.
You barely miss the wight. You hit the wight but do no damage.
You block the wight's attack. x2; The wight hits you but does no damage. x2
You closely miss the wight.
The wight is moderately damaged.
You hit the wight but do no damage. You hit the wight.
You block the wight's attack. The wight hits you but does no damage.
The wight barely misses you. The wight hits you with a +0 halberd.
The wight completely misses you.
You barely miss the wight.
The wight is moderately damaged.
You hit the wight. x2
The wight hits you with a +5 halberd! You block the wight's attack. x2
You hit the wight.
You destroy the wight!
Okawaru accepts your kill.
You hit the wight. You slash the wight! The wight hits you with a +4 trident!
You die...

### .~~~~# #~~~~. ##.##
..~~~~###~~~~.. ##.#.###
..$~~~~~~~~~... #.###...
#...~~~~~~~...####.#.###
#.....h.....##.....##
#.........##..#####
7.zz).7###.##
#'@'###...# #...)...###
######### .


You could see a black bear and 2 wights.

Vanquished Creatures
  Pikel (D:5)
  Eustachio (D:5)
  An orc warrior (D:6)
  A black bear (D:5)
  An ice beast (D:6)
  2 ogres
  2 lemures (D:5)
  A bullfrog (D:6)
  A necrophage (D:3)
  A water moccasin zombie (D:4)
  8 wights
  A howler monkey (D:6)
  6 orc priests
  A human zombie (D:4)
  A gnoll bouda (D:4)
  A hound (D:4)
  A jelly (D:4)
  4 iguanas
  6 orc wizards
  A hound zombie (D:4)
  5 mummies (D:4)
  7 adders
  3 gnolls (D:4)
  A white imp (D:5)
  An ufetubus (D:4)
  2 adder zombies (D:4)
  3 worms
  2 dart slugs
  22 orcs
  8 endoplasms
  4 giant cockroaches
  6 goblins
  4 hobgoblins
  6 kobolds
  2 quokkas
  3 ball pythons
  3 bats
  8 frilled lizards
  7 rats
139 creatures vanquished.

Notes
Turn   | Place    | Note
-------+----------+-------------------------------------------
     0 | D:1      | qw the Gargoyle Fighter began the quest for the Orb.
     0 | D:1      | Reached XP level 1. HP: 14/14 MP: 1/1
     0 | D:1      | 0 ||| qw: Version: 0.2-a-17-g06abaee
     0 | D:1      | 0 ||| qw: Game counter: 2128
     0 | D:1      | 0 ||| qw: Always use a shield: true
     0 | D:1      | 0 ||| qw: God list: Okawaru
     0 | D:1      | 0 ||| qw: Allow faded altars: false
     0 | D:1      | 0 ||| qw: Do Orc after D:15 true
     0 | D:1      | 0 ||| qw: Do second Lair branch before Depths: true
     0 | D:1      | 0 ||| qw: Lair rune preference: random
     0 | D:1      | 0 ||| qw: Plans: Normal, Zot:1-4, God:TSO, Crypt, Tomb,
                  | Pan, Slime:5, Hells, Abyss, Orb
     0 | D:1      | 0 ||| PLANNING D:1-11
    33 | D:1      | Reached skill level 2 in Axes
   126 | D:1      | Reached XP level 2. HP: 19/19 MP: 2/2
   492 | D:1      | Reached skill level 3 in Axes
   666 | D:1      | 666 ||| Stepping ~*~*~tactically~*~*~ (stealth).
   670 | D:1      | Reached XP level 3. HP: 23/23 MP: 3/3
   808 | D:1      | 808 ||| UPGRADING to +0 pair of boots.
   813 | D:1      | 813 ||| READING scroll labelled LANWEU TUTIS.
   816 | D:1      | 816 ||| READING scroll labelled BIOWORPH KOPLEM.
   817 | D:1      | 817 ||| READING scroll labelled HELUUMM IDIR.
   818 | D:1      | 818 ||| READING 2 scrolls labelled ALLIME NUPOKHLU.
   819 | D:1      | 819 ||| READING scroll labelled TUAJESA FEHYS.
   820 | D:1      | 820 ||| DROPPING scroll of amnesia.
   892 | D:2      | 892 ||| READING scroll of enchant armour.
   892 | D:2      | 892 ||| ENCHANTING +0 pair of boots.
  1481 | D:2      | 1481 ||| UPGRADING to +0 helmet.
  1486 | D:2      | 1486 ||| READING scroll labelled OSIZXU DAUKHE.
  1487 | D:2      | 1487 ||| READING scroll labelled XYMAITRITY.
  1488 | D:2      | 1488 ||| READING 3 scrolls of identify.
  1488 | D:2      | 1488 ||| IDENTIFYING cyan potion
  1489 | D:2      | 1489 ||| READING 2 scrolls of identify.
  1489 | D:2      | 1489 ||| IDENTIFYING white potion
  1532 | D:3      | Found a faded altar of an unknown god.
  1536 | D:3      | Noticed a necrophage
  1537 | D:3      | 1537 ||| Stepping ~*~*~tactically~*~*~ (stealth).
  1538 | D:3      | 1538 ||| Stepping ~*~*~tactically~*~*~ (stealth).
  1539 | D:3      | 1539 ||| Stepping ~*~*~tactically~*~*~ (hiding).
  1547 | D:3      | 1547 ||| Stepping ~*~*~tactically~*~*~ (stealth).
  1551 | D:3      | Killed a necrophage
  1552 | D:3      | Reached skill level 4 in Axes
  1552 | D:3      | Reached XP level 4. HP: 22/28 MP: 4/4
  1558 | D:3      | 1558 ||| Stepping ~*~*~tactically~*~*~ (stealth).
  1559 | D:3      | 1559 ||| Stepping ~*~*~tactically~*~*~ (stealth).
  1707 | D:3      | 1707 ||| Stepping ~*~*~tactically~*~*~ (hiding).
  1719 | D:3      | Reached XP level 5. HP: 30/32 MP: 5/5
  1727 | D:3      | 1727 ||| Stepping ~*~*~tactically~*~*~ (stealth).
  1737 | D:3      | 1737 ||| DROPPING +0 whip.
  1780 | D:3      | 1780 ||| Stepping ~*~*~tactically~*~*~ (stealth).
  1781 | D:3      | 1781 ||| Stepping ~*~*~tactically~*~*~ (stealth).
  1787 | D:3      | 1787 ||| Stepping ~*~*~tactically~*~*~ (stealth).
  1792 | D:3      | Reached skill level 5 in Axes
  1844 | D:3      | Noticed an ogre
  1845 | D:3      | 1845 ||| Stepping ~*~*~tactically~*~*~ (stealth).
  1861 | D:3      | Killed an ogre
  1862 | D:3      | Reached XP level 6. HP: 31/37 MP: 6/6
  2261 | D:3      | 2261 ||| UPGRADING to +0 chain mail.
  2271 | D:3      | 2271 ||| DROPPING +0 scale mail.
  2272 | D:3      | 2272 ||| READING scroll labelled DEDDOEL JYDO.
  2273 | D:3      | 2273 ||| READING 2 scrolls of identify.
  2273 | D:3      | 2273 ||| IDENTIFYING orange potion
  2274 | D:3      | 2274 ||| DROPPING potion of brilliance.
  2313 | D:4      | 2313 ||| READING scroll of enchant armour.
  2313 | D:4      | 2313 ||| ENCHANTING +0 helmet.
  2363 | D:4      | 2363 ||| FLEEEEING.
  2364 | D:4      | 2364 ||| FLEEEEING.
  2373 | D:4      | 2373 ||| STAIRDANCE
  2391 | D:3      | 2391 ||| UPGRADING to amulet of guardian spirit.
  2420 | D:4      | 2420 ||| Stepping ~*~*~tactically~*~*~ (hiding).
  2421 | D:4      | 2421 ||| Stepping ~*~*~tactically~*~*~ (hiding).
  2428 | D:4      | 2428 ||| Stepping ~*~*~tactically~*~*~ (hiding).
  2430 | D:4      | 2430 ||| Stepping ~*~*~tactically~*~*~ (hiding).
  2451 | D:4      | Reached XP level 7. HP: 29/43 MP: 4/7
  2489 | D:4      | 2489 ||| FLEEEEING.
  2490 | D:4      | 2490 ||| FLEEEEING.
  2491 | D:4      | 2491 ||| FLEEEEING.
  2523 | D:4      | 2523 ||| DROPPING +0 flail.
  2627 | D:4      | 2627 ||| Stepping ~*~*~tactically~*~*~ (hiding).
  2630 | D:4      | 2630 ||| Stepping ~*~*~tactically~*~*~ (hiding).
  2738 | D:4      | Reached skill level 6 in Axes
  2777 | D:4      | Reached skill level 1 in Dodging
  2798 | D:4      | Found an ancient bone altar of Kikubaaqudgha.
  2970 | D:4      | 2970 ||| UPGRADING to amulet of reflection.
  2980 | D:4      | 2980 ||| DROPPING amulet of guardian spirit.
  3003 | D:5      | Entered Level 5 of the Dungeon
  3016 | D:5      | Noticed Pikel
  3039 | D:5      | Killed Pikel
  3040 | D:5      | Reached skill level 8 in Axes
  3040 | D:5      | Reached XP level 8. HP: 46/48 MP: 8/8
  3136 | D:5      | 3136 ||| Stepping ~*~*~tactically~*~*~ (stealth).
  3150 | D:5      | Noticed Eustachio
  3158 | D:5      | 3158 ||| Stepping ~*~*~tactically~*~*~ (hiding).
  3172 | D:5      | 3172 ||| DRINKING 4 potions of curing.
  3172 | D:5      | 3172 ||| (to cure confusion)
  3181 | D:5      | 3181 ||| Stepping ~*~*~tactically~*~*~ (hiding).
  3201 | D:5      | Killed Eustachio
  3214 | D:5      | 3214 ||| Stepping ~*~*~tactically~*~*~ (stealth).
  3360 | D:5      | 3360 ||| Stepping ~*~*~tactically~*~*~ (hiding).
  3474 | D:5      | 3474 ||| Stepping ~*~*~tactically~*~*~ (hiding).
  3505 | D:5      | Reached XP level 9. HP: 54/55 MP: 9/9
  3579 | D:5      | Reached skill level 6 in Fighting
  3816 | D:5      | 3816 ||| UPGRADING to +0 pair of gloves.
  3821 | D:5      | 3821 ||| UPGRADING to +0 kite shield.
  3831 | D:5      | 3831 ||| DROPPING +0 buckler.
  3886 | D:6      | 3886 ||| Stepping ~*~*~tactically~*~*~ (stealth).
  3888 | D:6      | 3888 ||| Stepping ~*~*~tactically~*~*~ (hiding).
  4033 | D:6      | Found a staircase to the Ecumenical Temple.
  4034 | D:6      | 4034 ||| PLANNING TEMPLE
  4034 | D:6      | 4034 ||| UPGRADING to +0 plate armour.
  4044 | D:6      | 4044 ||| DROPPING +0 chain mail.
  4045 | D:6      | 4045 ||| READING scroll labelled REETEGGEITS.
  4051 | Temple   | Entered the Ecumenical Temple
  4289 | Temple   | 4289 ||| PLANNING OKAWARU WORSHIP
  4477 | Temple   | Became a worshipper of Warmaster Okawaru
  4478 | Temple   | 4478 ||| PLANNING D:1-11
  4513 | D:6      | 4513 ||| Stepping ~*~*~tactically~*~*~ (stealth).
  4752 | D:6      | Reached skill level 6 in Shields
  4857 | D:6      | HP: 11/55 [wight/+4 trident (10)]
  4861 | D:6      | HP: 1/55 [wight/+5 halberd (8)]
  4862 | D:6      | Mangled by a wight

Levels and vault maps discovered:
D:1:      amcnicky_arrival_choice, layout_basic, minmay_cut_off
D:2:      layout_loops_ring
D:3:      layout_loops_ring, ebering_ecumenical_altar_rust
D:4:      layout_rooms, lemuel_mausoleum_altar_kikubaaqudgha
D:5:      layout_loops_ring, hangedman_decor_riveting, uniq_eustachio,
          uniq_pikel
D:6:      layout_loops_ring, minmay_temple_entry_hall, kennysheep_donut
Temple:   mainiacjoe_temple_big_plus

Skill      XL: |  1  2  3  4  5  6  7  8  9 |
---------------+----------------------------+-----
Axes           | 2 3 4 5 8 |  8.7
Throwing       | 2 |  2.5
Fighting       | 4 5 6 |  6.0
Dodging        | 1 |  1.3
Armour         | 4 |  4.8
Shields        | 6 |  6.4

Action                   |  1- 3 |  4- 6 |  7- 9 || total
-------------------------+-------+-------+-------++-------
Melee: War axe           |   106 |   104 |   318 ||   528
Throw: Boomerang         |       |    25 |    39 ||    64
  Use: Scroll            |    10 |     3 |     1 ||    14
       Potion            |       |       |     1 ||     1
Armor: Scale mail        |    45 |    38 |       ||    83
       Chain mail        |       |    35 |   164 ||   199
       Plate armour      |       |       |    37 ||    37
Dodge: Dodged            |    33 |    44 |    98 ||   175
Block: Buckler           |    18 |    32 |    73 ||   123
       Kite shield       |       |       |    57 ||    57
       Reflection        |       |       |     1 ||     1

Table legend:
 A = Non-vault XP
 B = Vault XP
 C = Vault XP percentage of total XP
 D = Non-vault monster count
 E = Vault monster count
 F = Vault count percentage of total count
                 A         B        C        D         E       F
            +---------+---------+-------+---------+---------+-------
      Total |    2379 |    1256 |  34.6 |     122 |      15 |  10.9
            +---------+---------+-------+---------+---------+-------
        D:1 |      38 |       2 |   5.0 |      25 |       1 |   3.8
        D:2 |      24 |       0 |   0.0 |      11 |       0 |   0.0
        D:3 |     315 |       0 |   0.0 |      28 |       0 |   0.0
        D:4 |     309 |     384 |  55.4 |      19 |      12 |  38.7
        D:5 |     690 |     870 |  55.8 |      24 |       2 |   7.7
        D:6 |    1003 |       0 |   0.0 |      15 |       0 |   0.0
            +---------+---------+-------+---------+---------+-------
